 Dungeon Crawl Stone Soup version 0.27-a0-416-gca2cecf3c0 (webtiles) character file.

Game seed: 11181710904220817951

54 Morbidden the Chiller (level 3, -1/26 HPs)
             Began as a Demonspawn Ice Elementalist on Feb 25, 2021.
             Slain by a bullfrog (6 damage)
             ... on level 3 of the Dungeon.
             The game lasted 00:02:16 (2186 turns).

Morbidden the Chiller (Demonspawn Ice Elementalist) Turns: 2186, Time: 00:02:17

Health: -1/26      AC:  2    Str:  8    XL:     3   Next: 66%
Magic:  6/6        EV:  7    Int: 17    God:
Gold:   108        SH:  9    Dex: 13    Spells: 6/7 levels left

rFire    . . .     SeeInvis .   b - +2 mace (protect)
rCold    . . .     Faith    .   m - +0 tower shield
rNeg     . . .     Spirit   .   a - +0 robe
rPois    .         Reflect  .   (no helmet)
rElec    .         Harm     .   (no cloak)
rCorr    .         Rampage  .   (no gloves)
Will     .....                  (no boots)
Stlth    ++........             (no amulet)
HPRegen  0.08/turn              l - ring of wizardry
MPRegen  0.10/turn              (no ring)

@: no status effects
A: talons 1, spiny 1
a: no special abilities


You were on level 3 of the Dungeon.
You visited 1 branch of the dungeon, and saw 3 of its levels.

You collected 108 gold pieces.

Inventory:

Hand Weapons
 b - a +2 mace of protection (weapon)
Armour
 a - a +0 robe (worn)
 m - a +0 tower shield (worn)
Jewellery
 l - a ring of wizardry (left hand)
Scrolls
 c - 2 scrolls of random uselessness {unknown}
 d - a scroll of fear {unknown}
 e - a scroll of noise {unknown}
 g - a scroll of amnesia {unknown}
 i - a scroll of teleportation {unknown}
 j - a scroll of enchant armour {unknown}
 k - a scroll of identify {unknown}
Potions
 f - a potion of might {unknown}
 h - 2 potions of curing {unknown}


   Skills:
 * Level 1.0 Fighting
 + Level 0.5 Maces & Flails
 + Level 1.7 Dodging
 + Level 1.9 Stealth
 * Level 2.5 Spellcasting
 * Level 4.2 Ice Magic


You had 6 spell levels left.
You knew the following spells:

 Your Spells              Type           Power        Failure   Level
a - Freeze                Ice            64%          32%         1

Your spell library contained the following spells:

 Spells                   Type           Power        Failure   Level
 Frozen Ramparts          Ice            32%          65%         3
 Ozocubu's Armour         Ice            16%          65%         3
 Hailstorm                Conj/Ice       9%           99%         4
 Summon Ice Beast         Ice/Summ       9%           99%         4


Dungeon Overview and Level Annotations

Branches:
Dungeon (3/15)

Altars:
Dithmenos
Okawaru
Xom


Innate Abilities, Weirdness & Mutations

You have sharp toenails.
You are partially covered in sharp spines.


Message History

There are monsters nearby!
There are monsters nearby!
Found an inky potion.
A kobold is nearby!
You closely miss the kobold. You block the kobold's attack.
The kobold hits you with a +0 whip.
You closely miss the kobold. The kobold closely misses you.
The kobold hits you with a +0 whip.
You barely miss the kobold. The kobold is struck by your spines.
You kill the kobold!
You see here 10 arrows.
The bullfrog gives a loud, deep croak!
You hear a shout!
You hear an angry hiss.
Unknown command.
Unknown command.
You block the bullfrog's attack. The bullfrog is struck by your spines.
The bullfrog completely misses you.
Unknown command.
You barely miss the bullfrog.
The bullfrog is lightly wounded.
You block the bullfrog's attack. The bullfrog hits you!
A frilled lizard comes into view.
The orc is struck by your spines. The orc hits you with a +0 club.
The bullfrog hits you.
* * * LOW HITPOINT WARNING * * *
Unknown command.
You are too injured to fight recklessly!
You are too injured to fight recklessly!
Unknown command.
You are too injured to fight recklessly!
Unknown command.
You are too injured to fight recklessly!
You are too injured to fight recklessly!
Unknown command.
The orc closely misses you. You block the bullfrog's attack.
The bullfrog barely misses you.
The frilled lizard unfolds its giant frill.
The bullfrog hits you.
You die...

##..# ##.!..... #.<.# ..##
....... ... #.#.#
#....#..... ..### #.#.#
#.... .... #..... #.#.#
#...###.. ......
#.#(######......####......
..#..........##)..........
.###..####....Fo(........#
. #.........@#...l....#
#..........†.......##
####....##...##.#...#
#.......##...#.#....
##...##.# .### # ...
#...##.# #. .. #...##.# ?#
. ..##.... .# .... .#.# #


You could see a bullfrog and an orc.

Vanquished Creatures
  A worm (D:2)
  A leopard gecko (D:2)
  12 bats
  3 giant cockroaches
  2 goblins (D:2)
  10 hobgoblins
  A quokka (D:2)
  4 frilled lizards
  9 kobolds
  6 rats
49 creatures vanquished.

Vanquished Creatures (others)
  A rat (D:3)
1 creature vanquished.

Grand Total: 50 creatures vanquished

Notes
Turn   | Place    | Note
-------+----------+-------------------------------------------
     0 | D:1      | Morbidden the Demonspawn Ice Elementalist began the quest
                  | for the Orb.
     0 | D:1      | Reached XP level 1. HP: 13/13 MP: 3/3
     6 | D:1      | Noticed a komodo dragon
     6 | D:1      | Noticed a black mamba
     7 | D:1      | Noticed a wyvern
     7 | D:1      | Noticed a black bear
   260 | D:1      | Gained mutation: You are partially covered in sharp spines.
                  | [demonic ancestry]
   260 | D:1      | Reached XP level 2. HP: 7/20 MP: 0/5
   651 | D:1      | Reached skill level 4 in Ice Magic
  1058 | D:2      | Found a shadowy altar of Dithmenos.
  1223 | D:2      | Gained mutation: You have sharp toenails. [demonic
                  | ancestry]
  1223 | D:2      | Reached XP level 3. HP: 25/25 MP: 4/6
  1470 | D:2      | Found an iron altar of Okawaru.
  1482 | D:2      | Reached skill level 1 in Fighting
  1695 | D:2      | Found a radiant altar of Vehumet.
  1697 | D:2      | Found a white marble altar of Elyvilon.
  1697 | D:2      | Found a blossoming altar of Fedhas.
  1701 | D:2      | Found a shimmering altar of Xom.
  1701 | D:2      | Found an opulent altar of Gozag.
  1701 | D:2      | Found a white marble altar of Elyvilon.
  2172 | D:3      | Noticed a bullfrog
  2186 | D:3      | Slain by a bullfrog

Illustrated notes

Levels and vault maps discovered:
D:1:      onia_arrival_zoo_common, layout_basic
D:2:      layout_basic, nicolae_dithmenos_shadow_blocks, okawaru_gym_becter,
          doesnt_xom_only_xom
D:3:      layout_rooms, chequers_ecumenical_altar_grove, lemuel_flame_loot_1

Skill      XL: |  1  2  3 |
---------------+----------+-----
Ice Magic      | 4 |  4.2
Fighting       | 1 |  1.0
Maces & Flails | |  0.5
Dodging        | |  1.7
Stealth        | |  1.9
Spellcasting   | |  2.5

Action                   || total
-------------------------++-------
Melee: Mace              ||    58
       Unarmed           ||     2
       Kick              ||     6
 Cast: Freeze            ||    28
 Stab: Sleeping          ||     2
Armor: Robe              ||    19
Dodge: Dodged            ||    59
Block: Tower shield      ||    16

Table legend: (Time is in decaauts)
 A = Elapsed time spent in this place.
 B = Non-inter-level travel time spent in this place.
 C = Inter-level travel time spent in this place.
 D = Time resting spent in this place.
 E = Time spent auto-exploring this place.
 F = Levels seen in this place.
 G = Mean time per level.
                   A        B        C        D        E       F      G
               +--------+--------+--------+--------+--------+-----+--------+
         Total |   2218 |   2143 |     75 |    247 |   1568 |   3 |  739.3 |
       Dungeon |   2218 |   2143 |     75 |    247 |   1568 |   3 |  739.3 |
               +--------+--------+--------+--------+--------+-----+--------+

Top non-repeatable levels by time:
     D:2: 1112 daAuts
     D:1: 1060 daAuts
     D:3: 44 daAuts
